 Dungeon Crawl Stone Soup version 0.30-a0-462-gd5975efbca (webtiles) character file.

Game seed: 17018882196039671924

180 oldriver the Shooter (level 5, -2/41 HPs)
             Began as a Barachi Hexslinger on Dec 17, 2022.
             Slain by Pikel
             ... wielding a +2 whip of electrocution
              (7 damage)
             ... on level 4 of the Dungeon.
             The game lasted 00:04:24 (2352 turns).

oldriver the Shooter (Barachi Hexslinger)           Turns: 2352, Time: 00:04:24

Health: -2/41      AC:  8    Str: 11    XL:     5   Next: 60%
Magic:  6/6        EV:  9    Int: 14    God:
Gold:   182        SH:  0    Dex: 14    Spells: 5/6 levels left

rFire   . . .      SeeInvis .    a - +2 sling
rCold   . . .      Faith    .    (no shield)
rNeg    . . .      Spirit   .    e - +1 scale mail
rPois   .          Reflect  .    (no helmet)
rElec   .          Harm     .    (no cloak)
rCorr   .          Rampage  .    (no gloves)
Will    .....                    d - +0 pair of boots
Stlth   ..........               (no amulet)
HPRegen 0.26/turn                (no ring)
MPRegen 0.10/turn                (no ring)

@: silenced, weak-willed, unable to hop, slow
A: amphibious, slowness 1, strong legs 1, +LOS
a: Hop


You were on level 4 of the Dungeon.
You visited 1 branch of the dungeon, and saw 4 of its levels.

You collected 182 gold pieces.

Inventory:

Hand Weapons
 a - a +2 sling (weapon)
 g - a +2 vorpal falchion
Armour
 d - a +0 pair of boots (worn)
 e - a +1 scale mail (worn)
 i - a +0 chain mail
Jewellery
 k - an amulet of the acrobat
Potions
 b - 2 potions of brilliance {unknown}
 c - a potion of curing
 j - a potion of flight


   Skills:
 + Level 3.3 Fighting
 * Level 4.5 Ranged Weapons
 - Level 2.0 Armour
 - Level 2.1 Dodging
 - Level 1.1 Spellcasting
 - Level 3.2 Hexes


You had 5 spell levels left.
You knew the following spells:

 Your Spells              Type           Power      Damage    Failure   Level
a - Slow                  Hex            36%        N/A       36%         1

Your spell library contained the following spells:

 Spells                   Type           Power      Damage    Failure   Level
 Cigotuvi's Dreadful Rot  Necr/Pois/Air  0%         N/A       92%         2
 Poisonous Vapours        Pois/Air       0%         N/A       92%         2
 Inner Flame              Hex/Fire       5%         N/A       92%         3
 Portal Projectile        Hex/Tloc       10%        N/A       92%         3
 Cause Fear               Hex            4%         N/A       98%         4
 Gell's Gravitas          Tloc           0%         N/A       99%         3
 Mephitic Cloud           Conj/Pois/Air  0%         N/A       99%         3
 Teleport Other           Tloc           0%         N/A       99%         3
 Flame Wave               Conj/Fire      0%         2d4       100%        4
 Sticky Flame             Conj/Fire      0%         2d3       100%        4
 Dispersal                Tloc           0%         N/A       100%        6


Dungeon Overview and Level Annotations

Branches:
Dungeon (4/15)
 Temple: D:4-7

Altars:

Shops:
D:3 :

Annotations:
D:3 Sigmund
D:4 Pikel


Innate Abilities, Weirdness & Mutations

You are amphibious.
You cover ground slowly.
You can hop short distances.
You have an extended range of vision and can be seen from far away.


Message History

Pikel is nearby!
You shoot a sling bullet. The sling bullet hits Pikel.
Pikel is lightly wounded.
You hear a shout!
Pikel zaps a wand.
The puff of flame hits you!
You shoot a sling bullet. The sling bullet hits Pikel.
Pikel is moderately wounded.
Pikel zaps a wand.
The puff of flame hits you!
You shoot a sling bullet. The sling bullet barely misses Pikel.
You shoot a sling bullet. The sling bullet hits Pikel.
Pikel is moderately wounded.
Pikel hits you with a +2 whip of electrocution.
A lemure comes into view.
Pikel hits you with a +2 whip of electrocution.
You shoot a sling bullet.
The sling bullet hits Pikel but does no damage.
Pikel is moderately wounded.
Pikel barely misses you.
Hop to where?
Press: ? - help, Dir - move target, p - Pikel Boing!
As you read the scroll labelled DULILU XICAANT, it crumbles to dust.
Magic quickly surges around you.
It was a scroll of vulnerability.
As you read the scroll labelled OHOMACL QISMI, it crumbles to dust.
It is a scroll of amnesia.
Really abort (and waste the scroll)?
Okay, then.
As you read the scroll labelled RIV SULOIB GEBB, it crumbles to dust.
A profound silence engulfs you.
It was a scroll of silence.
You shoot a sling bullet. The sling bullet hits Pikel.
Pikel is moderately wounded.
Pikel hits you but does no damage.
Pikel hits you with a +2 whip of electrocution.
You are electrocuted!!
* * * LOW HITPOINT WARNING * * *
You shoot a sling bullet.
The sling bullet hits Pikel but does no damage.
Pikel is lightly wounded.
Pikel hits you with a +2 whip of electrocution!
You die...

.........'.................#
.###.....##########.########
. ###...# #)# . #....# ##5#
. #.#.##########..########
#.......................
###.########5#########.#
.............###K#
##......####.#.#@#
#.5....+........#
.5......#....#.###
.###########...# #.###..#
#.# #..# #.###..# #......#
#.<#..>#


You could see Pikel and a lemure (weak-willed).

Vanquished Creatures
  2 lemures (D:4)
  A bullfrog (D:3)
  An iguana (D:4)
  Terence (D:2)
  An adder (D:4)
  2 worms
  2 dart slugs (D:1)
  A ball python (D:2)
  8 endoplasms
  5 goblins
  4 hobgoblins
  7 kobolds
  A quokka (D:1)
  6 bats
  2 frilled lizards
  3 rats
47 creatures vanquished.

Vanquished Creatures (others)
  3 demonic plants (D:1)
  A fungus (D:1)
  A withered plant (D:1)
5 creatures vanquished.

Grand Total: 52 creatures vanquished

Notes
Turn   | Place    | Note
-------+----------+-------------------------------------------
     0 | D:1      | oldriver the Barachi Hexslinger began the quest for the
                  | Orb.
     0 | D:1      | Reached XP level 1. HP: 15/15 MP: 2/2
    48 | D:1      | Reached XP level 2. HP: 21/21 MP: 3/3
   253 | D:1      | Found a faded altar of an unknown god.
   545 | D:2      | Reached XP level 3. HP: 27/27 MP: 4/4
   579 | D:2      | Reached skill level 1 in Armour
   708 | D:2      | Reached skill level 3 in Ranged Weapons
   718 | D:2      | Noticed Terence
   732 | D:2      | Killed Terence
   788 | D:2      | Reached XP level 4. HP: 34/34 MP: 5/5
  1189 | D:3      | Found Dura's Book Emporium.
  1282 | D:3      | Noticed a bullfrog
  1298 | D:3      | Killed a bullfrog
  1299 | D:3      | Reached skill level 4 in Ranged Weapons
  1299 | D:3      | Reached XP level 5. HP: 14/41 MP: 6/6
  1566 | D:3      | Noticed Sigmund
  2177 | D:4      | Noticed a lemure
  2177 | D:4      | Noticed a lemure
  2209 | D:4      | Killed a lemure
  2214 | D:4      | Killed a lemure
  2340 | D:4      | Noticed Pikel
  2344 | D:4      | Noticed a lemure
  2352 | D:4      | Slain by Pikel

Illustrated notes

Levels and vault maps discovered:
D:1:      dpeg_arrival_rooms_b, layout_rooms, shapermc_ecumenical_altar_gd
D:2:      layout_basic, chequers_serial_rivers_micro_e, uniq_terence
D:3:      layout_basic, serial_shops, nicolae_shop_crystal, serial_glass,
          glass_columns_a, glass_columns_b, uniq_sigmund
D:4:      wad_pebble_path, layout_basic, mainiacjoe_overflow_swirl,
          uniq_eustachio, uniq_pikel, uniq_blork_the_orc

Skill      XL: |  1  2  3  4 |
---------------+-------------+-----
Fighting       | 2 3 |  3.3
Armour         | 1 2 |  2.0
Ranged Weapons | 3 4 |  4.5
Dodging        | |  2.1
Spellcasting   | |  1.1
Hexes          | |  3.2

Action                   |  1- 3 |  4- 6 || total
-------------------------+-------+-------++-------
 Fire: Sling             |    97 |   140 ||   237
 Abil: Hop               |       |     5 ||     5
  Use: Scroll            |     4 |     8 ||    12
       Potion            |       |     3 ||     3
Armor: Scale mail        |    35 |    45 ||    80
Dodge: Dodged            |    25 |    42 ||    67

Table legend: (Time is in decaauts)
 A = Elapsed time spent in this place.
 B = Non-inter-level travel time spent in this place.
 C = Inter-level travel time spent in this place.
 D = Time resting spent in this place.
 E = Time spent auto-exploring this place.
 F = Levels seen in this place.
 G = Mean time per level.
                   A        B        C        D        E       F      G
               +--------+--------+--------+--------+--------+-----+--------+
         Total |   2752 |   2715 |     37 |    543 |   1539 |   4 |  688.0 |
       Dungeon |   2752 |   2715 |     37 |    543 |   1539 |   4 |  688.0 |
               +--------+--------+--------+--------+--------+-----+--------+

Top non-repeatable levels by time:
     D:3: 788 daAuts
     D:2: 777 daAuts
     D:1: 662 daAuts
     D:4: 523 daAuts
